 Dungeon Crawl Stone Soup version 0.28-a0-94-g325244837d (webtiles) character file.

Game seed: 13005689516118900596

21 Leeroy the Grasshopper (level 2, -3/14 HPs)
             Began as a Spriggan Warper on Aug 7, 2021.
             Slain by an adder (4 damage)
             ... on level 2 of the Dungeon.
             The game lasted 00:01:25 (1265 turns).

Leeroy the Grasshopper (Spriggan Warper)            Turns: 1265, Time: 00:01:25

Health: -3/14      AC:  2    Str:  7    XL:     2   Next: 62%
Magic:  6/6        EV: 17    Int: 14    God:
Gold:   57         SH:  0    Dex: 14    Spells: 6/6 levels left

rFire   . . .      SeeInvis +   f - +1 long sword
rCold   . . .      Faith    .   (shield restricted)
rNeg    . . .      Spirit   .   b - +0 robe
rPois   .          Reflect  .   (helmet restricted)
rElec   .          Harm     .   (no cloak)
rCorr   .          Rampage  .   (gloves unavailable)
Will    .....                   (boots unavailable)
Stlth   ++........              (no amulet)
HPRegen 0.04/turn               (no ring)
MPRegen 0.10/turn               (no ring)

@: brilliant, lethally poisoned (-3 -> -5), very quick
A: very small, no large weapons, unfitting armour, see invisible, speed 3
a: no special abilities


You were on level 2 of the Dungeon.
You visited 1 branch of the dungeon, and saw 2 of its levels.

You collected 57 gold pieces.

Inventory:

Hand Weapons
 a - a +0 short sword
 f - a +1 long sword (weapon)
 g - a +2 dagger of electrocution
 i - a +2 dagger of draining
Missiles
 d - 5 boomerangs of dispersal (quivered)
Armour
 b - a +0 robe (worn)
Scrolls
 c - a scroll of blinking
 j - a scroll of amnesia {unknown}


   Skills:
 - Level 1.5 Fighting
 + Level 3.3 Short Blades
 - Level 1.0 Throwing
 - Level 3.2 Dodging
 - Level 1.5 Stealth
 - Level 2.6 Spellcasting
 - Level 4.4 Translocations


You had 6 spell levels left.
You didn't know any spells.
Your spell library contained the following spells:

 Spells                   Type           Power      Damage    Failure   Level
 Blink                    Tloc           N/A        N/A       5%          2
 Gell's Gravitas          Tloc           10%        N/A       11%         3
 Lesser Beckoning         Tloc           10%        N/A       11%         3
 Teleport Other           Tloc           21%        N/A       11%         3
 Sting                    Tmut/Pois      8%         1d3       22%         1
 Poisonous Vapours        Pois/Air       4%         N/A       32%         2
 Manifold Assault         Tloc           21%        N/A       71%         5
 Olgreb's Toxic Radiance  Pois           2%         N/A       91%         4


Dungeon Overview and Level Annotations

Branches:
Dungeon (2/15)

Altars:


Innate Abilities, Weirdness & Mutations

You are very small and have problems with some larger weapons.
You are too small for most types of armour.
You have supernaturally acute eyesight. (SInv)
You cover ground extremely quickly. (Speed+++)


Message History

The ball python bites you but does no damage.
The ball python completely misses you.
You closely miss the ball python.
The ball python is heavily wounded.
The adder closely misses you. The ball python completely misses you.
The ball python barely misses you. The adder misses you.
You riposte.
You completely miss the adder. You closely miss the ball python.
The ball python is heavily wounded.
The adder bites you.
You are poisoned.
The adder poisons you! The ball python bites you. The ball python misses you.
The adder bites you. The ball python misses you.
The ball python closely misses you.
You barely miss the adder.
You feel very sick. The adder closely misses you. The ball python bites you.
* * * LOW HITPOINT WARNING * * *
The ball python misses you. The adder misses you.
You riposte.
You hit the adder.
The adder is heavily wounded.
It was a potion of brilliance.
You feel clever all of a sudden.
* * * LOW HITPOINT WARNING * * *
You feel sick. The ball python completely misses you.
You riposte.
You slash the ball python!
You kill the ball python!
The adder misses you.
You riposte.
You hit the adder.
The adder is almost dead.
As you read the scroll labelled WUGEUF HIMERE, it crumbles to dust.
It is a scroll of enchant weapon.
Your +0 long sword glows red for a moment.
* * * LOW HITPOINT WARNING * * *
You feel sick. The adder closely misses you.
Unknown command.
You barely miss the adder.
The adder is almost dead.
* * * LOW HITPOINT WARNING * * *
You feel sick. The adder bites you but does no damage. The adder bites you.
You die...

#.....#.#####........#
####..##.###...<#..#)#
#.#####...##.#.#........#
#.........###.##...##.#.#
#######...# ####.... ..#
#...######..... ##
#.........##...
####...#####.##..#.
.........@S...##..#
.................
.^............##.
#####...#####.# #.... #
...... #.#.... #.#...


You could see an adder.

Vanquished Creatures
  2 ball pythons
  2 endoplasms (D:1)
  2 giant cockroaches (D:1)
  2 goblins (D:1)
  2 quokkas (D:1)
  3 bats (D:1)
  2 frilled lizards (D:2)
  2 kobolds (D:1)
  A rat (D:1)
18 creatures vanquished.

Notes
Turn   | Place    | Note
-------+----------+-------------------------------------------
     0 | D:1      | Leeroy the Spriggan Warper began the quest for the Orb.
     0 | D:1      | Reached XP level 1. HP: 10/10 MP: 5/5
    89 | D:1      | Reached skill level 1 in Stealth
   488 | D:1      | Reached XP level 2. HP: 11/14 MP: 6/6
  1265 | D:2      | Slain by an adder

Illustrated notes

Levels and vault maps discovered:
D:1:      evilmike_arrival_rings, layout_basic
D:2:      layout_loops_cross, ebering_ecumenical_altar_sacrificial,
          minmay_tetromino_s4

Skill      XL: |  1  2 |
---------------+-------+-----
Stealth        | 1 |  1.5
Short Blades   | 3 |  3.3
Fighting       | |  1.5
Throwing       | |  1.0
Dodging        | |  3.2
Spellcasting   | |  2.6
Translocations | |  4.4

Action                   || total
-------------------------++-------
Melee: Long sword        ||    39
       Short sword       ||     5
  Use: Scroll            ||     1
       Potion            ||     1
Armor: Robe              ||     6
Dodge: Dodged            ||    58
       Rpst.: Long sword ||     9

Table legend: (Time is in decaauts)
 A = Elapsed time spent in this place.
 B = Non-inter-level travel time spent in this place.
 C = Inter-level travel time spent in this place.
 D = Time resting spent in this place.
 E = Time spent auto-exploring this place.
 F = Levels seen in this place.
 G = Mean time per level.
                   A        B        C        D        E       F      G
               +--------+--------+--------+--------+--------+-----+--------+
         Total |   1007 |   1003 |      4 |      0 |    896 |   2 |  503.5 |
       Dungeon |   1007 |   1003 |      4 |      0 |    896 |   2 |  503.5 |
               +--------+--------+--------+--------+--------+-----+--------+

Top non-repeatable levels by time:
     D:1: 975 daAuts
     D:2: 31 daAuts
